Map: Terrasses de Prion

Players

WalFuriK

  • Race: Protoss Protoss
  • League: Gold

TheObcd - Winner!

  • Race: Protoss Protoss
  • League: Gold

VOD

Have the link to the VOD?

Description

cheese toss pylone rush

Time

  • Played on: May 5, 2016, 1:56 p.m.
  • Length: 3:13
Show
View Real Time Build Order
Export as new Build Order

WalFuriK Protoss 

Build Orders:  

Get SALT Encoding   

  12  0:01  Probe (Chrono Boost)  
  13  0:11  Probe (Chrono Boost)  
  14  0:18  Pylon  
  14  0:22  Probe (Chrono Boost)  
  15  0:37  Probe (Chrono Boost)  
  15  0:39  Gateway  
  16  0:47  Probe (Chrono Boost)  
  17  0:50  Assimilator  
  17  0:58  Probe (Chrono Boost)  
  18  1:08  Probe (Chrono Boost)  
  19  1:14  Pylon  
  19  1:19  Probe (Chrono Boost)  
  20  1:26  Cybernetics Core  
  20  1:29  Probe (Chrono Boost)  
  20  1:31  Assimilator  
  21  1:40  Probe (Chrono Boost)  
  22  1:50  Probe (Chrono Boost)  
  23  2:01  Probe (Chrono Boost)  
  24  2:04  Stalker  
  24  2:08  Gateway  
  26  2:14  Probe (Chrono Boost)  
  26  2:15  Pylon  
  27  2:19  Robotics Facility  
  27  2:26  Probe (Chrono Boost)  
  28  2:36  Probe (Chrono Boost)  
Show
View Real Time Build Order
Export as new Build Order

TheObcd Protoss - Winner!

Build Orders:  

Get SALT Encoding   

  12  0:10  Pylon  
  12  0:13  Probe (Chrono Boost)  
  13  0:28  Gateway  
  13  0:32  Probe (Chrono Boost)  
  14  0:40  Assimilator  
  14  0:43  Probe (Chrono Boost)  
  15  0:53  Probe (Chrono Boost)  
  16  1:07  Probe (Chrono Boost)  
  16  1:10  Gateway  
  17  1:15  Cybernetics Core  
  17  1:24  Zealot (Chrono Boost)  
  19  1:41  Pylon  
  19  1:47  Zealot (Chrono Boost)  
  19  1:53  Mothership Core (Chrono Boost)  
  23  1:59  Adept  
  25  2:13  Stalker  
  27  2:34  Pylon  
  27  2:36  Pylon  
  27  2:39  Pylon  
  27  2:44  Pylon  
Tags
 
Add a new tag
Caveats
  • Supply blocks, unpowered buildings, or Contaminate may cause inaccurate times.
  • Supply counts are checked every 10 seconds.